 Dungeon Crawl Stone Soup version 0.18.1-8-gdd0e5ea (webtiles) character file.

284 Liquid the Skirmisher (level 6, -9/49 HPs)
             Began as a Formicid Abyssal Knight on May 31, 2016.
             Was a Believer of Lugonu.
             Mangled by Crazy Yiuf
             ... wielding a +4 quarterstaff of chaos
              (10 damage)
             ... on level 3 of the Dungeon.
             The game lasted 00:08:11 (2963 turns).

Liquid the Skirmisher (Formicid Abyssal Knight)     Turns: 2963, Time: 00:08:12

Health: -9/49      AC:  6    Str: 17    XL:     6   Next: 55%
Magic:  7/7        EV: 11    Int: 11    God:    Lugonu [**....]
Gold:   108        SH:  0    Dex: 15    Spells: 0 memorised, 5 levels left

rFire  . . .     SeeInvis +     a - +1 spear
rCold  . . .     Gourm    .     w - +0 ring mail
rNeg   . . .     Faith    .     (no shield)
rPois  .         Spirit   .     (helmet unavailable)
rElec  .         Dismiss  .     (no cloak)
rCorr  .         Reflect  .     i - +0 pair of gloves
SustAt .         Harm     .     (no boots)
MR     .....                    (no amulet)
Stlth  +.........               (no ring)
                                e - +3 ring of dexterity

@: lethally poisoned (-9 -> -24), not resistant to hostile enchantments, very
unstealthy
A: permanent stasis, dig shafts and tunnels, four strong arms, antennae 3
a: Dig, Shaft Self, Depart the Abyss, Bend Space, Renounce Religion


You were on level 3 of the Dungeon.
You worshipped Lugonu.
Lugonu was pleased with you.
You were not hungry.

You visited 1 branch of the dungeon, and saw 3 of its levels.
You visited the Abyss 1 time.

You collected 108 gold pieces.

Inventory:

Hand Weapons
 a - a +1 spear (weapon)
 d - a +0 hand axe of draining
Missiles
 k - 7 javelins (quivered)
Armour
 b - a +0 leather armour
 i - a +0 pair of gloves (worn)
 w - a +0 ring mail (worn)
Jewellery
 e - a +3 ring of dexterity (left hand)
Wands
 j - a wand of lightning (0/15)
Scrolls
 p - a scroll of remove curse
Potions
 f - 2 potions of lignification
 h - a potion of heal wounds {unknown}
 o - a potion of flight {unknown}
 q - a potion of cure mutation {unknown}
 r - a potion of cancellation {unknown}
 u - a potion of resistance {unknown}
Comestibles
 c - a bread ration
 m - a meat ration
 v - a slice of pizza


   Skills:
 + Level 4.5 Fighting
 * Level 4.0 Polearms
 + Level 3.6 Armour
 + Level 2.4 Dodging
 - Level 2.6 Invocations


You had 5 spell levels left.
You didn't know any spells.

Dungeon Overview and Level Annotations

Branches:
Dungeon (3/15)

Altars:
Ashenzari
Ru
Zin

Annotations:
D:3 Crazy Yiuf


Innate Abilities, Weirdness & Mutations

You are under a permanent stasis effect.
You can dig through walls and to a lower floor.
Your four strong arms can wield two-handed weapons with a shield.
You have a pair of large antennae on your head (SInv).


Message History

You reach to attack!
You hit Crazy Yiuf.
Crazy Yiuf is lightly wounded.
Crazy Yiuf drinks a potion.
Crazy Yiuf goes berserk!
Crazy Yiuf hits you with a quarterstaff of chaos.
Crazy Yiuf hits you with a quarterstaff of chaos!
Crazy Yiuf closely misses you.
Crazy Yiuf rages.
Crazy Yiuf barely misses you.
Crazy Yiuf hits you with a quarterstaff of chaos!
You are poisoned.
You feel sick.
You feel sick.
You feel sick.
Crazy Yiuf hits you with a quarterstaff of chaos!
* * * LOW HITPOINT WARNING * * *
You are more poisoned.
* * * LOW HITPOINT WARNING * * *
You feel sick.
Crazy Yiuf hits you with a quarterstaff of chaos!
You die...

##############.#
*...* .....#
####.#### *#'#*
####.# #.......#
##.# ###.###
#.......# #.##
#..<..# ##.......#
##.#
#.....###........#
#.##
#................#
##.##
#......##........##
#...##
#......##......@g.#
#....#
######.##...#####.#
##..## #.###..#
#.###....# #..(...#
#........#
#########.##
#####...## ###...#
#.# ##### ..#.#.#
#.# #.#.#.#####.#
....#.......#


You could see Crazy Yiuf (berserk).

Vanquished Creatures
  Sigmund (D:3)
  An orc wizard (D:3)
  4 adders
  A worm (D:2)
  A dart slug (D:3)
  3 giant geckos (D:2)
  6 orcs (D:3)
  4 giant cockroaches
  7 goblins
  5 hobgoblins
  10 jackals
  A quokka (D:3)
  A ball python (D:2)
  5 bats
  2 giant newts
  7 kobolds
  4 rats
63 creatures vanquished.

Notes
Turn   | Place    | Note
--------------------------------------------------------------
     0 | Abyss:1  | Liquid the Formicid Abyssal Knight began the quest for the Orb.
     0 | Abyss:1  | Reached XP level 1. HP: 18/18 MP: 2/2
    32 | Abyss:2  | Found a blossoming altar of Fedhas.
    48 | Abyss:2  | Noticed a giant orange brain
    58 | Abyss:2  | Noticed a basilisk
    69 | Abyss:2  | Noticed a frost giant zombie
    75 | Abyss:2  | Noticed a starcursed mass
    77 | D:1      | Escaped the Abyss
   423 | D:1      | Reached XP level 2. HP: 17/24 MP: 3/3
   981 | D:2      | Reached * piety under Lugonu
  1031 | D:2      | Found a glowing silver altar of Zin.
  1076 | D:2      | Reached skill level 1 in Dodging
  1076 | D:2      | Reached XP level 3. HP: 25/29 MP: 4/4
  1582 | D:2      | Found a faded altar to an unknown god.
  1590 | D:2      | Reached XP level 4. HP: 37/37 MP: 5/5
  2042 | D:3      | Found a shattered altar of Ashenzari.
  2098 | D:3      | Noticed Sigmund
  2127 | D:3      | Killed Sigmund
  2127 | D:3      | Reached XP level 5. HP: 17/43 MP: 6/6
  2127 | D:3      | Reached XP level 6. HP: 19/49 MP: 7/7
  2342 | D:3      | Reached ** piety under Lugonu
  2739 | D:3      | Found a sacrificial altar of Ru.
  2945 | D:3      | Noticed Crazy Yiuf
  2963 | D:3      | HP: 1/49 [poisoned by Crazy Yiuf]
  2963 | D:3      | Mangled by Crazy Yiuf

Skill      XL: |  1  2  3  4  5  6 |
---------------+-------------------+-----
Dodging        | 1 2 |  2.4
Fighting       | 4 |  4.5
Polearms       | 3 4 |  4.0
Armour         | 3 |  3.6
Invocations    | |  2.6

Action                   |  1- 3 |  4- 6 || total
-------------------------+-------+-------++-------
Melee: Spear             |   146 |   133 ||   279
       Hand axe          |       |     3 ||     3
Invok: Depart the Abyss  |     1 |       ||     1
 Abil: Dig               |     2 |     1 ||     3
Evoke: Wand              |       |     3 ||     3
  Use: Scroll            |       |     6 ||     6
 Stab: Sleeping          |     2 |       ||     2
  Eat: Chunk             |     3 |     4 ||     7
Armor: Leather armour    |    39 |     1 ||    40
       Ring mail         |       |    40 ||    40
Dodge: Dodged            |    76 |    79 ||   155
